 Dungeon Crawl Stone Soup version 0.29-a0-520-gc852659d43 (webtiles) character file.

Game seed: 9542775936266683903

979 HoaS the Quickloader (level 8, -3/49 HPs)
             Began as a Kobold Hunter on May 31, 2022.
             Was an Initiate of Makhleb.
             Slain by Prince Ribbit (8 damage)
             ... on level 5 of the Dungeon.
             The game lasted 00:10:04 (5692 turns).

HoaS the Quickloader (Kobold Hunter)                Turns: 5692, Time: 00:10:05

Health: -3/49      AC: 10    Str:  9    XL:     8   Next: 40%
Magic:  8/8        EV: 18    Int: 10    God:    Makhleb [......]
Gold:   176        SH:  0    Dex: 20    Spells: 7/7 levels left

rFire   . . .      SeeInvis .   a - +4 hand crossbow
rCold   . . .      Faith    .   (no shield)
rNeg    + . .      Spirit   .   v - +0 steam dragon scales
rPois   .          Reflect  .   f - +2 helmet
rElec   .          Harm     .   (no cloak)
rCorr   +          Rampage  .   l - +0 pair of gloves
Will    .....                   d - +0 pair of boots
Stlth   ++++......              (no amulet)
HPRegen 0.16/turn               j - ring of resist corrosion
MPRegen 0.11/turn               u - ring of positive energy

@: lethally poisoned (-3 -> -10)
A: small, no large weapons, nightstalker 3
a: Renounce Religion


You were on level 5 of the Dungeon.
You worshipped Makhleb.
Makhleb was noncommittal.
You visited 2 branches of the dungeon, and saw 6 of its levels.

You collected 176 gold pieces.

Inventory:

Hand Weapons
 a - a +4 hand crossbow (weapon)
Armour
 d - a +0 pair of boots (worn)
 f - a +2 helmet (worn)
 l - a +0 pair of gloves (worn)
 v - +0 steam dragon scales (worn)
Jewellery
 j - a ring of resist corrosion (left hand)
 u - a ring of positive energy (right hand)
Wands
 q - a wand of flame (13)
Scrolls
 c - a scroll of immolation
 g - 2 scrolls of fog
 p - a scroll of teleportation
 t - 3 scrolls of blinking
Potions
 e - 2 potions of mutation
 h - 2 potions of cancellation {unknown}
 i - a potion of invisibility {unknown}
 m - a potion of resistance {unknown}
 n - 2 potions of lignification {unknown}
 o - 2 potions of berserk rage {unknown}
 r - a potion of flight {unknown}
 s - a potion of attraction {unknown}


   Skills:
 * Level 5.3 Fighting
 - Level 10.0 Crossbows
 * Level 5.6 Dodging
 - Level 3.0 Stealth


You had 7 spell levels left.
You didn't know any spells.
Your spell library contained the following spells:

 Spells                   Type           Power      Damage    Failure   Level
 Static Discharge         Conj/Air       0%         N/A       50%         2
 Confusing Touch          Hex            0%         N/A       75%         3
 Airstrike                Air            0%         N/A       98%         4
 Summon Lightning Spire   Summ/Air       0%         N/A       98%         4
 Lightning Bolt           Conj/Air       0%         1d11      100%        5
 Yara's Violent Unravell  Hex/Tmut       0%         3d3       100%        5
 Enfeeble                 Hex            0%         N/A       100%        7
 Maxwell's Capacitive Co  Air            0%         ∞         100%        8


Dungeon Overview and Level Annotations

Branches:
Dungeon (5/15)             Temple (1/1) D:5

Altars:
Ashenzari
Cheibriados
Dithmenos
Elyvilon
Fedhas
Gozag
Hepliaklqana
Kikubaaqudgha
Makhleb
Okawaru
Qazlal
Ru
Sif Muna
Trog
Uskayaw
Vehumet
Wu Jian
Xom
Yredelemnul
Zin
The Shining One

Shops:
D:3 *

Annotations:
D:5 Prince Ribbit


Innate Abilities, Weirdness & Mutations

You are small and have problems with some larger weapons.
You are completely attuned to the shadows.


Message History

Aim: a scorpion (severely wounded, 73% to hit)
You shoot a bolt. The bolt closely misses the scorpion.
You feel sick. The scorpion stings you.
You are lethally poisoned!
The scorpion poisons you! The orc closely misses you.
Okay, then.
Shoot: a) +4 hand crossbow
Press: ? - help, Q - select action, (/) - cycle Shift-Dir - straight line, f/p - scorpion
Aim: a scorpion (severely wounded, 73% to hit)
You shoot a bolt. The bolt hits the scorpion!
You kill the scorpion!
Makhleb accepts your kill.
You feel very sick.
The orc zaps a wand.
The puff of flame hits you but does no damage.
Shoot: a) +4 hand crossbow
Press: ? - help, Q - select action, (/) - cycle Shift-Dir - straight line, f - Prince Ribbit
Aim: Prince Ribbit (lightly wounded, 58% to hit)
You shoot a bolt. The bolt hits Prince Ribbit!
Prince Ribbit is moderately wounded.
* * * LOW HITPOINT WARNING * * *
You feel very sick. Prince Ribbit misses you.
The orc hits you but does no damage.
Shoot: a) +4 hand crossbow
Press: ? - help, Q - select action, (/) - cycle Shift-Dir - straight line, f/p - Prince Ribbit
Aim: Prince Ribbit (moderately wounded, 58% to hit)
You shoot a bolt. The bolt misses Prince Ribbit.
* * * LOW HITPOINT WARNING * * *
You feel very sick.
Prince Ribbit asks, "Just a little smooch?"
Prince Ribbit closely misses you. The orc barely misses you.
Shoot: a) +4 hand crossbow
Press: ? - help, Q - select action, (/) - cycle Shift-Dir - straight line, f/p - Prince Ribbit
Aim: Prince Ribbit (moderately wounded, 58% to hit)
You shoot a bolt. The bolt hits Prince Ribbit!
Prince Ribbit is severely wounded.
* * * LOW HITPOINT WARNING * * *
You feel sick.
Prince Ribbit blinks!
The orc barely misses you. Prince Ribbit hits you!
You die...

#.......
#.....>
......#
......#
#
....oF#
#
.....@#
#
....§.#
#
......#
###
......#
#..
......#
###
.####.#
#.######
#......#
#......#


You could see Prince Ribbit and an orc.

Vanquished Creatures
  A steam dragon (D:5)
  A black bear (D:5)
  A phantom (D:5)
  A scorpion (D:5)
  2 hounds (D:5)
  5 orc priests
  A jelly (D:4)
  2 iguanas (D:5)
  Natasha (D:2)
  3 orc wizards
  Robin (D:1)
  5 gnolls
  5 adders
  An ufetubus (D:4)
  3 worms
  3 dart slugs
  14 orcs
  6 ball pythons
  2 bats
  An endoplasm (D:1)
  4 giant cockroaches
  17 goblins
  8 hobgoblins
  10 jackals
  9 kobolds
  4 quokkas
  3 frilled lizards
  5 rats
119 creatures vanquished.

Vanquished Creatures (others)
  14 fungi (D:5)
14 creatures vanquished.

Grand Total: 133 creatures vanquished

Notes
Turn   | Place    | Note
-------+----------+-------------------------------------------
     0 | D:1      | HoaS the Kobold Hunter began the quest for the Orb.
     0 | D:1      | Reached XP level 1. HP: 12/12 MP: 1/1
   137 | D:1      | Found a faded altar of an unknown god.
   142 | D:1      | Reached XP level 2. HP: 17/17 MP: 2/2
   197 | D:1      | Reached skill level 6 in Crossbows
   374 | D:1      | Reached XP level 3. HP: 8/21 MP: 3/3
  1350 | D:2      | Noticed Robin
  1377 | D:2      | Reached skill level 7 in Crossbows
  1389 | D:2      | Reached XP level 4. HP: 26/26 MP: 4/4
  2003 | D:1      | Killed Robin
  2140 | D:2      | Reached XP level 5. HP: 30/30 MP: 5/5
  2356 | D:2      | Noticed Natasha
  2366 | D:2      | Killed Natasha
  2367 | D:2      | Reached skill level 8 in Crossbows
  2812 | D:2      | Reached skill level 9 in Crossbows
  2812 | D:2      | Reached XP level 6. HP: 20/35 MP: 6/6
  3136 | D:3      | Found Zin's Purification Station.
  3139 | D:3      | Found a glowing silver altar of Zin.
  3325 | D:3      | Found an opulent altar of Gozag.
  3364 | D:3      | Found an iron altar of Okawaru.
  3870 | D:3      | Reached skill level 10 in Crossbows
  4190 | D:4      | Reached XP level 7. HP: 40/40 MP: 7/7
  4680 | D:5      | Entered Level 5 of the Dungeon
  4940 | D:5      | Noticed a steam dragon
  4954 | D:5      | Killed a steam dragon
  4955 | D:5      | Reached XP level 8. HP: 32/48 MP: 8/8
  5101 | D:5      | Found a staircase to the Ecumenical Temple.
  5142 | Temple   | Entered the Ecumenical Temple
  5319 | Temple   | Became a worshipper of Makhleb the Destroyer
  5354 | D:5      | Reached skill level 5 in Dodging
  5648 | D:5      | Reached skill level 5 in Fighting
  5665 | D:5      | Noticed Prince Ribbit
  5692 | D:5      | Slain by Prince Ribbit

Illustrated notes

Levels and vault maps discovered:
D:1:      eino_arrival_cavern_e, layout_loops_ring,
          dreamdust_ecumenical_altar_statues
D:2:      layout_rooms, chequers_serial_rivers_room_b, fountainhead,
          uniq_natasha, uniq_robin
D:3:      layout_loops_ring, mainiacjoe_overflow_cross_hatched,
          mainiacjoe_overflow_concentric_impassable, zin_purify
D:4:      layout_cave_pools
D:5:      layout_basic, minmay_temple_entry_fiery, serial_aquarium,
          aquarium_bridge_square [aquarium_subvault_bridge,
          aquarium_subvault_window, aquarium_subvault_window,
          aquarium_subvault_wall], aquarium_bridge_straight
          [aquarium_subvault_bridge, aquarium_subvault_balcony,
          aquarium_subvault_bridge, aquarium_subvault_window],
          aquarium_window_1, aquarium_window_corner, aquarium_view_2e,
          aquarium_view_2e, aquarium_balcony_double_3, aquarium_pool_2,
          uniq_prince_ribbit1
Temple:   mainiacjoe_temple_coin_purse

Skill      XL: |  1  2  3  4  5  6  7  8 |
---------------+-------------------------+-----
Crossbows      | 6 7 9 10 | 10.0
Dodging        | 4 5 |  5.6
Stealth        | 3 |  3.0
Fighting       | 4 5 |  5.3

Action                   |  1- 3 |  4- 6 |  7- 9 || total
-------------------------+-------+-------+-------++-------
 Fire: Hand crossbow     |    62 |   167 |   114 ||   343
  Use: Scroll            |     5 |     7 |     3 ||    15
       Potion            |       |       |     2 ||     2
Armor: Leather armour    |     5 |    15 |     8 ||    28
       Steam dragon scal |       |       |    17 ||    17
Dodge: Dodged            |    23 |    63 |    69 ||   155

Table legend: (Time is in decaauts)
 A = Elapsed time spent in this place.
 B = Non-inter-level travel time spent in this place.
 C = Inter-level travel time spent in this place.
 D = Time resting spent in this place.
 E = Time spent auto-exploring this place.
 F = Levels seen in this place.
 G = Mean time per level.
                   A        B        C        D        E       F      G
               +--------+--------+--------+--------+--------+-----+--------+
         Total |   5736 |   5544 |    192 |   1987 |   2736 |   6 |  956.0 |
       Dungeon |   5547 |   5385 |    162 |   1987 |   2597 |   5 | 1109.4 |
        Temple |    188 |    158 |     30 |      0 |    139 |   1 |  188.0 |
               +--------+--------+--------+--------+--------+-----+--------+

Top non-repeatable levels by time:
     D:1: 1974 daAuts
     D:3: 1167 daAuts
     D:2: 898 daAuts
     D:5: 824 daAuts
     D:4: 683 daAuts
  Temple: 188 daAuts
